 Dungeon Crawl Stone Soup version 0.24.0-123-gd5b16e6ec5 (webtiles) character file.

Game seed: 8012657853776851493, levelgen mode: deterministic

6965 McKennaii the Thaumaturge (level 10, -2/115 HPs)
             Began as a White Draconian Conjurer on Jan 19, 2020.
             Was a Priest of Sif Muna.
             Slain by a wolf (4 damage)
             ... led by Grum
             ... on level 9 of the Dungeon.
             The game lasted 00:35:01 (14150 turns).

McKennaii the Thaumaturge (DrCj)                   Turns: 14150, Time: 00:35:02

Health: -2/115     AC:  7    Str: 15    XL:     10   Next: 81%
Magic:  3/25       EV: 14    Int: 19    God:    Sif Muna [***...]
Gold:   382        SH:  0    Dex: 12    Spells: 24/31 levels left

rFire    . . .     SeeInvis .   C - +1 flail (crush)
rCold    + . .     Gourm    .   (no shield)
rNeg     . . .     Faith    .   (armour unavailable)
rPois    .         Spirit   .   (helmet restricted)
rElec    .         Reflect  .   (no cloak)
rCorr    +         Harm     .   (no gloves)
MR       +....                  (no boots)
Stlth    ..........             (no amulet)
HPRegen  0.29/turn              l - ring of resist corrosion
MPRegen  0.19/turn              o - ring of protection from magic

@: berserking (expiring), short of breath, studying Short Blades, very quick
A: breathe frost, unfitting armour, cold resistance 1, cold-blooded, AC +7
a: Breathe Frost, Channel Magic, Forget Spell, Renounce Religion


You were on level 9 of the Dungeon.
You worshipped Sif Muna.
Sif Muna was most pleased with you.
You were not hungry.

You visited 2 branches of the dungeon, and saw 10 of its levels.

You collected 532 gold pieces.
You spent 150 gold pieces at shops.

Inventory:

Hand Weapons
 C - a +1 flail of crushing (weapon)
Magical Staves
 A - an uncursed staff of poison
Jewellery
 l - a ring of resist corrosion (left hand)
 o - a ring of protection from magic (right hand)
Wands
 q - a wand of flame (12)
 w - a wand of iceblast (9)
 z - a wand of acid (6)
Scrolls
 a - 2 scrolls of blinking {unknown}
 c - 2 scrolls of enchant armour
 d - 5 scrolls of remove curse
 e - a scroll of amnesia
 g - a scroll of identify
 i - 2 scrolls of random uselessness {unknown}
 j - 5 scrolls of teleportation
 p - a scroll of noise {unknown}
 r - 3 scrolls of enchant weapon {unknown}
 t - a scroll of fog
 y - a scroll of magic mapping {unknown}
 D - a scroll of vulnerability {unknown}
Potions
 h - 4 potions of curing
 m - a potion of flight
 n - a potion of berserk rage
 s - a potion of agility {unknown}
 u - 3 potions of mutation {unknown}
 v - 2 potions of might {unknown}
 x - a potion of ambrosia {unknown}
 B - a potion of brilliance {unknown}
Books
 E - a manual of Short Blades
Comestibles
 b - 9 rations


   Skills:
 + Level 3.5 Fighting
 + Level 4.2 Dodging
 + Level 3.3 Stealth
 * Level 11.3 Spellcasting
 + Level 9.2 Conjurations
 * Level 4.6 Ice Magic
 + Level 0.7 Evocations


You had 24 spell levels left.
You knew the following spells:

 Your Spells              Type           Power        Failure   Level  Hunger
a - Magic Dart            Conj           ####         1%          1    None
b - Ensorcelled Hibernat  Hex/Ice        ###...       3%          2    None
c - Iskenderun's Mystic   Conj           #####...     1%          4    ##.....

Your spell library contained the following spells:

 Spells                   Type           Power        Failure   Level  Hunger
 Shock                    Conj/Air       ####         1%          1    None
 Searing Ray              Conj           #####.       1%          2    None
 Dazzling Spray           Conj/Hex       ####..       3%          3    None
 Static Discharge         Conj/Air       ####....     3%          3    None
 Animate Skeleton         Necr           N/A          6%          1    None
 Corona                   Hex            ##.....      6%          1    None
 Pain                     Necr           ##..         6%          1    None
 Swiftness                Chrm/Air       ##......     10%         2    None
 Force Lance              Conj/Tloc      ####....     10%         4    ##.....
 Fulminant Prism          Conj/Hex       ####......   10%         4    ##.....
 Confuse                  Hex            ##......     19%         3    None
 Regeneration             Chrm/Necr      ##........   19%         3    None
 Tukima's Dance           Hex            ##......     19%         3    None
 Vampiric Draining        Necr           ##........   19%         3    None
 Lightning Bolt           Conj/Air       ####......   26%         5    ####...
 Airstrike                Air            ##........   54%         4    ##.....
 Animate Dead             Necr           N/A          54%         4    ##.....


Dungeon Overview and Level Annotations

Branches:
Dungeon (9/15)             Temple (1/1) D:4            Lair (0/6) D:8
    Orc (0/2) D:9

Altars:
Ashenzari
Cheibriados
Dithmenos
Elyvilon
Fedhas
Gozag
Hepliaklqana
Kikubaaqudgha
Makhleb
Nemelex Xobeh
Okawaru
Qazlal
Ru
Sif Muna
Trog
Uskayaw
Vehumet
Wu Jian
Xom
Yredelemnul
Zin
The Shining One

Shops:
D:4 *   D:6 *

Annotations:
D:9 Grum


Innate Abilities, Weirdness & Mutations

You can breathe waves of freezing cold.
You can buffet flying creatures when you breathe cold.
Your icy white scales are hard. (AC +7)
You cannot fit into any form of body armour.
Your flesh is cold resistant. (rC+)
You are cold-blooded and may be slowed by cold attacks.


Message History

Grum closely misses you. The hippogriff bites you.
* * * LOW HITPOINT WARNING * * *
The hippogriff barely misses you. The hippogriff claws you.
* * * LOW HITPOINT WARNING * * *
The troll shouts!
You see here a cursed -1 trident.
You are too berserk!
You are too berserk!
You thump the wolf!
The wolf is severely wounded.
The wolf barely misses you. x2
Grum hits you from afar with a -1 spear.
* * * LOW HITPOINT WARNING * * *
You barely miss the wolf.
The wolf is severely wounded.
The wolf closely misses you.
Grum hits you from afar with a -1 spear.
* * * LOW HITPOINT WARNING * * *
The wolf bites you.
You die...

##.##.. #......
##.#.###### #.......
#...#..≈≈≈. #...##...
#..#..≈...≈ ..## #...
##.#...≈._.≈
##...#..≈...≈ .
##.....#..≈≈≈. ...
##.......#######.....
#...###...)Hh@...T...
#..## ##...g##...##..
#.## ###### #### #.#
#.# #.# #.# ###


You could see a hippogriff, Grum, a troll and a wolf.

Vanquished Creatures
  An ugly thing (D:9)
  A hippogriff (D:9)
  2 wyverns (D:9)
  A spriggan (D:7)
  4 yaks (D:9)
  3 wargs (D:8)
  A water moccasin (D:7)
  4 ice beasts
  4 orc warriors
  2 sky beasts (D:9)
  2 black bears (D:8)
  3 necrophages
  4 phantoms
  2 wolves (D:9)
  2 ogres (D:7)
  A centaur (D:8)
  A crocodile (D:9)
  3 big kobolds
  A gnoll sergeant (D:8)
  3 bullfrogs
  2 scorpions
  7 killer bees
  3 crimson imps
  A quasit (D:6)
  2 centaur zombies
  8 hounds
  2 jellies
  A gnoll shaman (D:7)
  7 orc priests
  2 centaur skeletons
  5 iguanas
  12 orc wizards
  5 worker ants
  A killer bee zombie (D:7)
  12 gnolls
  17 adders
  A howler monkey skeleton (D:8)
  3 shadow imps
  An adder zombie (D:8)
  4 worms
  2 dart slugs
  3 leopard geckos
  25 orcs
  2 ball pythons (D:3)
  11 bats
  6 giant cockroaches
  9 goblins
  9 hobgoblins
  5 quokkas
  5 frilled lizards
  A jackal skeleton (D:7)
  A jackal zombie (D:5)
  16 kobolds
  5 rats
  A spectral orc (D:3)
242 creatures vanquished.

Notes
Turn   | Place    | Note
-------+----------+-------------------------------------------
     0 | D:1      | McKennaii the Draconian Conjurer began the quest for the
                  | Orb.
     0 | D:1      | Reached XP level 1. HP: 14/14 MP: 3/3
   256 | D:1      | Reached XP level 2. HP: 16/20 MP: 0/5
  1044 | D:2      | Reached XP level 3. HP: 26/26 MP: 3/6
  1259 | D:2      | Noticed a phantom
  1597 | D:2      | Noticed a bullfrog
  1716 | D:2      | Found a hazy altar of Hepliaklqana.
  1716 | D:2      | Found a glowing golden altar of the Shining One.
  1718 | D:2      | Found a hide-covered altar of Uskayaw.
  2004 | D:2      | Killed a bullfrog
  2004 | D:2      | Reached skill level 3 in Spellcasting
  2004 | D:2      | Reached XP level 4. HP: 33/33 MP: 2/8
  2217 | D:2      | Killed a phantom
  2217 | D:2      | Reached skill level 4 in Spellcasting
  2217 | D:2      | Reached skill level 5 in Conjurations
  2217 | D:2      | Reached XP level 5. HP: 22/38 MP: 0/11
  2801 | D:3      | Reached XP level 6. HP: 46/46 MP: 3/12
  3112 | D:3      | Learned a level 4 spell: Iskenderun's Mystic Blast
  3143 | D:3      | Found a basalt altar of Yredelemnul.
  3991 | D:4      | Reached skill level 5 in Spellcasting
  4370 | D:4      | Found a staircase to the Ecumenical Temple.
  4468 | Temple   | Entered the Ecumenical Temple
  4486 | Temple   | Became a worshipper of Sif Muna the Loreminder
  4589 | D:4      | Your scales start taking on an icy white colour.
  4589 | D:4      | Reached XP level 7. HP: 48/51 MP: 7/15
  4589 | D:4      | Gained mutation: Your flesh is cold resistant. (rC+) [White
                  | Draconian growth]
  4659 | D:4      | Found Faguosch's Assorted Antiques.
  4667 | D:4      | Bought a smoky purple potion for 24 gold pieces
  4667 | D:4      | Bought a metallic cyan potion for 24 gold pieces
  4667 | D:4      | Bought 2 metallic red potions for 48 gold pieces
  4667 | D:4      | Bought a scroll of identify for 54 gold pieces
  4812 | D:4      | Found a glowing silver altar of Zin.
  4813 | D:4      | Found an opulent altar of Gozag.
  5056 | D:5      | Entered Level 5 of the Dungeon
  5773 | D:5      | Reached skill level 1 in Fighting
  5773 | D:5      | Reached skill level 6 in Spellcasting
  6900 | D:5      | Reached XP level 8. HP: 23/58 MP: 0/18
  7242 | D:6      | Found Modghio's Lightly-Used Armoury.
  7550 | D:6      | Reached skill level 7 in Spellcasting
  8482 | D:7      | Reached * piety under Sif Muna
  8590 | D:7      | Reached skill level 8 in Spellcasting
  9169 | D:7      | Learned a level 2 spell: Ensorcelled Hibernation
  9277 | D:7      | Reached XP level 9. HP: 45/67 MP: 21/21
 10242 | D:8      | Reached skill level 9 in Spellcasting
 11053 | D:8      | Reached ** piety under Sif Muna
 11341 | D:8      | Reached skill level 10 in Spellcasting
 11545 | D:8      | Found a blossoming altar of Fedhas.
 11626 | D:8      | Reached skill level 1 in Ice Magic
 11727 | D:8      | Reached XP level 10. HP: 70/73 MP: 9/24
 12273 | D:8      | Found a staircase to the Lair.
 12523 | D:8      | Found a stormy altar of Qazlal.
 12693 | D:9      | Noticed Grum
 13041 | D:9      | Reached *** piety under Sif Muna
 13480 | D:9      | Noticed a red ugly thing
 13486 | D:9      | Killed a red ugly thing
 13486 | D:9      | Reached skill level 11 in Spellcasting
 13691 | D:9      | Found a staircase to the Orcish Mines.
 13725 | D:9      | HP: 3/115 [yak (10)]
 14063 | D:9      | Found a sacrificial altar of Ru.
 14150 | D:9      | HP: 2/115 [Grum/-1 spear (6)]
 14150 | D:9      | Slain by a wolf

Levels and vault maps discovered:
D:1:      dpeg_arrival_subterranean_lakeside_camping, layout_basic,
          minmay_tree_intersection, minmay_fountain_box
D:2:      layout_loops_ring, nicolae_overflow_hidden_temple, first_ration
D:3:      layout_rooms, yredelemnul_forgotten_temple_becter
D:4:      layout_basic, grunt_temple_overflow_gold_and_silver, temple_fountains,
          serial_shops, shop
D:5:      layout_layer_cave
D:6:      layout_loops_cross, minmay_shop_damaged
D:7:      layout_basic, the_bakery
D:8:      layout_rooms, nicolae_qazlal_general_emergency, old_standard_altar,
          erik_lair_orcish_takeover, minivault_25
D:9:      cheibrodos_ideogram_h, layout_layer_cave, nicolae_ru_awakened_eye,
          david_orc_3, minivault_14, chei_slow_surprise, uniq_maurice, uniq_grum
Temple:   nicolae_temple_god_jail

Skill      XL: |  1  2  3  4  5  6  7  8  9 10 |
---------------+-------------------------------+-----
Stealth        | 2 3 |  3.3
Dodging        | 2 3 4 |  4.2
Spellcasting   | 3 4 5 6 8 10 11 | 11.3
Conjurations   | 5 6 7 8 9 |  9.2
Fighting       | 1 2 3 |  3.5
Ice Magic      | 2 4 |  4.6
Evocations     | |  0.7

Action                   |  1- 3 |  4- 6 |  7- 9 | 10-12 || total
-------------------------+-------+-------+-------+-------++-------
Melee: Unarmed           |    42 |    13 |       |       ||    55
       Tailslap          |     2 |     1 |    15 |     1 ||    19
       Flail             |       |     2 |   109 |    56 ||   167
 Cast: Magic Dart        |    85 |   179 |   223 |    73 ||   560
       Iskenderun's Myst |       |       |   105 |    67 ||   172
 Abil: Breathe Frost     |       |       |    18 |    15 ||    33
Evoke: Wand              |       |       |     8 |       ||     8
  Use: Scroll            |       |     5 |     3 |     6 ||    14
       Potion            |       |       |     3 |     7 ||    10
  Eat: Chunk             |     3 |     7 |    14 |     7 ||    31
       Ration            |       |     1 |     6 |     2 ||     9
Armor: Skin              |    39 |     6 |    88 |    35 ||   168
Dodge: Dodged            |    55 |    14 |   201 |    83 ||   353
